 Dungeon Crawl Stone Soup version 0.25-a0-110-ge29c8f2358 (webtiles) character file.

Game seed: 5770352213081839738, levelgen mode: deterministic

772 Gargoyl the Skirmisher (level 7, -11/59 HPs)
             Began as a Centaur Abyssal Knight on Nov 19, 2019.
             Was a Priest of Lugonu.
             Killed from afar by a centaur (16 damage)
             ... with a bolt of acid
             ... on level 6 of the Dungeon on Nov 20, 2019.
             The game lasted 00:08:34 (4401 turns).

Gargoyl the Skirmisher (Centaur Abyssal Knight)     Turns: 4401, Time: 00:08:35

Health: -11/59     AC:  5    Str: 15    XL:     7   Next: 53%
Magic:  10/10      EV:  2    Int: 11    God:    Lugonu [***...]
Gold:   155        SH:  7    Dex: 10    Spells: 6/6 levels left

rFire    + . .     SeeInvis .   i - +2 hand axe (flame)
rCold    . . .     Gourm    .   h - +0 shield {rF+}
rNeg     . . .     Faith    .   d - +1 chain mail {rPois}
rPois    +         Spirit   .   (no helmet)
rElec    .         Reflect  .   (no cloak)
rCorr    .         Harm     .   (no gloves)
MR       .....                  (no barding)
Stlth    ..........             (no amulet)
HPRegen  0.19/turn              (no ring)
MPRegen  0.12/turn              (no ring)

@: corroded, very quick
A: large, hooves 3, deformed body, speed 2, tough skin 3
a: Depart the Abyss, Bend Space, Banish, Renounce Religion


You were on level 6 of the Dungeon.
You worshipped Lugonu.
Lugonu was most pleased with you.
You were near starving.

You visited 1 branch of the dungeon, and saw 6 of its levels.
You visited the Abyss 1 time.

You collected 252 gold pieces.
You spent 97 gold pieces at shops.

Inventory:

Hand Weapons
 a - a +1 hand axe
 i - a +2 hand axe of flaming (weapon)
Armour
 d - a +1 chain mail of poison resistance (worn)
 h - a +0 shield of fire resistance (worn)
 k - a +2 ring mail of cold resistance
Wands
 l - a wand of random effects (16)
Scrolls
 b - 4 scrolls of identify
 e - a scroll of magic mapping
 j - a scroll of teleportation
 m - a scroll of blinking
 n - a scroll of remove curse
 o - a scroll of enchant armour
Potions
 f - 2 potions of heal wounds
 g - a potion of ambrosia
Comestibles
 c - 6 rations


   Skills:
 + Level 4.1 Fighting
 + Level 3.9 Axes
 * Level 3.6 Armour
 * Level 2.3 Dodging
 + Level 1.4 Shields
 * Level 4.0 Invocations


You had 6 spell levels left.
You didn't know any spells.
Your spell library contained the following spells:

 Spells                   Type           Power        Failure   Level  Hunger
 Magic Dart               Conj           #...         100%        1    ##.....
 Blink                    Tloc           N/A          100%        2    ###....
 Call Imp                 Summ           #.......     100%        2    ###....
 Slow                     Hex            #.......     100%        2    ###....
 Conjure Flame            Conj/Fire      #.......     100%        3    ####...
 Mephitic Cloud           Conj/Pois/Air  #.......     100%        3    ####...


Dungeon Overview and Level Annotations

Branches:
Dungeon (6/15)             Temple (0/1) D:5

Altars:
Elyvilon
Uskayaw
Yredelemnul
Zin
The Shining One

Shops:
D:4 *

Annotations:
D:6 Grinder


Innate Abilities, Weirdness & Mutations

You have hooves in place of feet.
Armour fits poorly on your strangely shaped body.
You cover ground very quickly.
You have extremely tough skin. (AC +3)


Message History

The jackal barks!
You hear a shout! x2
The centaur zaps a wand.
The bolt of acid hits the jackal!!
The jackal is splashed with acid.
The acid corrodes the jackal!
The jackal dies!
The bolt of acid hits you! The acid corrodes you!
You are splashed with acid!
There is an open door here.
You see here an arrow.
The centaur zaps a wand.
The bolt of acid hits the jackal!
The jackal is splashed with acid!
The acid corrodes the jackal!
The jackal dies!
The bolt of acid hits you!
* * * LOW HITPOINT WARNING * * *
You are splashed with acid!
* * * LOW HITPOINT WARNING * * *
There is a stone staircase leading up here.
The centaur zaps a wand.
The bolt of acid hits the jackal!!
The jackal is splashed with acid.
The jackal dies!
The bolt of acid hits you!
You die...

..# ..## .....
########## .....
#...##...# ......
##...##...##.h....
#.........#.......
#.........†c†5....
#......@.l##....#.
##...##...# ....#.
#...##...##....5.
##................
#..(..............
#.........##....##
#.........# ....#
#.........# ...#
#.........# ..#


You could see Grinder, a centaur, a leopard gecko and a jackal.

Vanquished Creatures
  Edmund (D:4)
  A sky beast (D:5)
  A centaur (D:4)
  A howler monkey (D:4)
  2 crimson imps
  2 hounds (D:4)
  2 orc priests
  A centaur skeleton (D:4)
  3 orc wizards
  4 adders
  2 oozes
  An adder zombie (D:5)
  3 dart slugs
  4 leopard geckos
  11 orcs
  3 ball pythons
  4 bats
  3 giant cockroaches
  4 goblins
  11 hobgoblins
  7 jackals
  2 quokkas
  3 frilled lizards
  4 kobolds
  6 rats
86 creatures vanquished.

Vanquished Creatures (others)
  3 jackals (D:6)
3 creatures vanquished.

Grand Total: 89 creatures vanquished

Notes
Turn   | Place    | Note
-------+----------+-------------------------------------------
     0 | Abyss:1  | Gargoyl the Centaur Abyssal Knight began the quest for the
                  | Orb.
     0 | Abyss:1  | Reached XP level 1. HP: 19/19 MP: 2/2
    57 | Abyss:3  | Found a shattered altar of Ashenzari.
   115 | Abyss:3  | Noticed a wretched star
   116 | D:1      | Escaped the Abyss
   224 | D:1      | Reached * piety under Lugonu
   348 | D:1      | Reached XP level 2. HP: 24/26 MP: 3/3
   435 | D:1      | Reached skill level 1 in Dodging
   707 | D:2      | Found a glowing golden altar of the Shining One.
   862 | D:2      | Reached XP level 3. HP: 31/31 MP: 4/4
  1007 | D:2      | Reached ** piety under Lugonu
  1116 | D:2      | Found a white marble altar of Elyvilon.
  1444 | D:3      | Reached XP level 4. HP: 25/38 MP: 5/5
  1681 | D:3      | Found a faded altar of an unknown god.
  2125 | D:4      | Found Hesalin's General Store.
  2137 | D:4      | Reached XP level 5. HP: 34/45 MP: 7/7
  2212 | D:4      | Bought a scroll of enchant armour for 97 gold pieces
  2274 | D:4      | Noticed a centaur
  2288 | D:4      | Killed a centaur
  2450 | D:4      | Reached XP level 6. HP: 46/52 MP: 8/8
  2591 | D:4      | Found a hide-covered altar of Uskayaw.
  2592 | D:4      | Noticed Edmund
  2593 | D:4      | Found a basalt altar of Yredelemnul.
  2633 | D:4      | Killed Edmund
  2633 | D:4      | Reached skill level 1 in Shields
  2866 | D:4      | Reached XP level 7. HP: 22/58 MP: 9/9
  3232 | D:5      | Entered Level 5 of the Dungeon
  3246 | D:5      | Reached *** piety under Lugonu
  3382 | D:5      | Found a staircase to the Ecumenical Temple.
  4277 | D:5      | Found a glowing silver altar of Zin.
  4397 | D:6      | Noticed Grinder
  4401 | D:6      | Killed from afar by a centaur

Levels and vault maps discovered:
D:1:      giann_forest_graveyard, layout_rooms
D:2:      layout_rooms, lemuel_round_altar, tso_oasis_becter
D:3:      layout_loops_ring, chequers_ecumenical_altar_simple_redux,
          first_ration, guppyfry_early_lair_pool
D:4:      layout_rooms, grunt_temple_overflow_open, serial_shops, shop,
          uniq_edmund
D:5:      layout_basic, zin_scriptorium, minmay_temple_entry_water_ring,
          kennysheep_crisscross, minivault_11
D:6:      layout_gridville, basic_altar, serial_glass, glass_columns_b,
          glass_columns_a, uniq_pikel, uniq_crazy_yiuf_cottage, uniq_grinder,
          uniq_eustachio

Skill      XL: |  1  2  3  4  5  6  7 |
---------------+----------------------+-----
Dodging        | 1 2 |  2.3
Axes           | 2 3 |  3.9
Armour         | 2 3 |  3.6
Invocations    | 3 4 |  4.0
Shields        | 1 |  1.4
Fighting       | 4 |  4.1

Action                   |  1- 3 |  4- 6 |  7- 9 || total
-------------------------+-------+-------+-------++-------
Melee: Hand axe          |   149 |   128 |    64 ||   341
       Kick              |    22 |    25 |    14 ||    61
Invok: Depart the Abyss  |     1 |       |       ||     1
  Use: Scroll            |     2 |     7 |     3 ||    12
       Potion            |       |     3 |       ||     3
  Eat: Chunk             |       |     2 |     2 ||     4
       Ration            |       |     1 |       ||     1
Armor: Chain mail        |    98 |    69 |    44 ||   211
Dodge: Dodged            |    12 |    16 |     6 ||    34
Block: Shield            |    34 |    54 |    26 ||   114

Table legend:
 A = Non-vault XP
 B = Vault XP
 C = Vault XP percentage of total XP
 D = Non-vault monster count
 E = Vault monster count
 F = Vault count percentage of total count
                 A         B        C        D         E       F
            +---------+---------+-------+---------+---------+-------
      Total |     931 |     173 |  15.7 |      85 |       1 |   1.2
            +---------+---------+-------+---------+---------+-------
        D:1 |      27 |       0 |   0.0 |      12 |       0 |   0.0
        D:2 |      31 |       0 |   0.0 |      15 |       0 |   0.0
        D:3 |     103 |       0 |   0.0 |      21 |       0 |   0.0
        D:4 |     436 |     173 |  28.4 |      25 |       1 |   3.8
        D:5 |     334 |       0 |   0.0 |      12 |       0 |   0.0
            +---------+---------+-------+---------+---------+-------
